 Dungeon Crawl Stone Soup version 0.17-a0-1900-g45e8110 (webtiles) character file.

72 derrpe the Slasher (level 4, -6/32 HPs)
             Began as a Demonspawn Wanderer on Sept 25, 2015.
             Was an Initiate of Okawaru.
             Mangled by an ogre
             ... wielding a +0 giant club
              (21 damage)
             ... on level 4 of the Dungeon.
             The game lasted 00:02:17 (1216 turns).

derrpe the Slasher (Demonspawn Wanderer)            Turns: 1216, Time: 00:02:17

Health: -6/32      AC:  7    Str: 13    XL:     4   Next: 7%
Magic:  4/4        EV: 10    Int: 12    God:    Okawaru [......]
Gold:   60         SH:  0    Dex: 13    Spells: 0 memorised, 3 levels left

rFire  . . .     SeeInvis .     a - +2 falchion
rCold  . . .     Clarity  .     f - +0 leather armour
rNeg   . . .     SustAt   .     (no shield)
rPois  .         Gourm    .     (no helmet)
rElec  .         Spirit   .     (no cloak)
rCorr  .         Warding  .     (no gloves)
rMut   .         Stasis   .     (no boots)
MR     .....                    (no amulet)
Stlth  +.........               (no ring)
                                (no ring)

@: not resistant to hostile enchantments, very unstealthy
A: rough black scales 1
a: Renounce Religion


You were on level 4 of the Dungeon.
You worshipped Okawaru.
Okawaru was noncommittal.
You were not hungry.

You visited 1 branch of the dungeon, and saw 3 of its levels.

You collected 60 gold pieces.

Inventory:

Hand weapons
 a - a +2 falchion (weapon)
Armour
 f - a +0 leather armour (worn)
 m - a +0 plate armour
Jewellery
 j - an uncursed ring of see invisible {unknown}
Scrolls
 d - a scroll of blinking {unknown}
 g - a scroll of identify {unknown}
 l - a scroll of random uselessness {unknown}
 n - 2 scrolls of teleportation {unknown}
 o - a scroll of fog {unknown}
Potions
 b - 3 potions of lignification
 h - a potion of curing {unknown}
Books
 c - Sif Muna's Grimoire of Snow

   Spells                             Type                      Level
   a - Freeze                         Ice                          1
   b - Ensorcelled Hibernation        Hexes/Ice                    2
Comestibles
 e - 2 bread rations {@e1}
 i - 2 meat rations {@e2}
 k - a chunk of flesh {@w0}
 p - a beef jerky


   Skills:
 - Level 1.0 Fighting
 * Level 4.0 Long Blades
 - Level 1.0 Throwing
   Level 2.6 Ice Magic
   Level 1.7 Air Magic
   Level 1.0 Evocations


You had 3 spell levels left.
You didn't know any spells.

Dungeon Overview and Level Annotations

Branches:
Dungeon (4/15)
 Temple: D:4-7

Altars:
Dithmenos
Okawaru


Innate Abilities, Weirdness & Mutations

You are partially covered in rough black scales (AC +4, Dex -1).


Message History

Okawaru accepts your kill.
Your Long Blades skill increases to level 4!
You have reached level 4!
You feel clever.
No target in view!
No target in view!
An ogre comes into view. It is wielding a giant club.
An ogre is nearby!
Found 10 gold pieces.
Found a stone staircase leading down.
You see here a meat ration {@e2}.
i - 2 meat rations {@e2} (gained 1)
Found a hunting sling.
You barely miss the ogre. The ogre hits you with a giant club.
You hit the ogre.
The ogre is lightly wounded.
The ogre hits you with a giant club!
You hit the ogre.
The ogre is moderately wounded.
The ogre hits you with a giant club!!
Ouch! That really hurt!
You die...

#.....8 #......
#.....8 .......
....... .......
.......##
...)...@##### ###
#.....##O...##
#..## ...##
###...#####....##
.
#...##...#......#
#...#####........#
#.... #.........
#....# ##O........
#...# ##..........
#..# #...........


You could see an ogre.

Vanquished Creatures
  A hound (D:4)
  An adder (D:2)
  A worm (D:2)
  A giant gecko (D:2)
  A bat (D:2)
  A giant cockroach (D:1)
  A goblin (D:2)
  3 hobgoblins
  3 kobolds
  A giant newt (D:1)
  6 jackals
  7 rats
27 creatures vanquished.

Notes
Turn   | Place    | Note
--------------------------------------------------------------
     0 | D:1      | derrpe the Demonspawn Wanderer began the quest for the Orb.
     0 | D:1      | derrpe set off with: a +2 falchion, a potion of lignification, Sif Muna's Grimoire of Snow, a +0 robe, a bread ration {@e1}, a !bad item (cl:100,ty:0,pl:0,pl2:0,sp:0,qu:0), a !bad item (cl:100,ty:0,pl:0,pl2:0,sp:0,qu:0), a !bad item (cl:100,ty:0,pl:0,pl2:0,sp:0,qu:0), a !bad item (cl:100,ty:0,pl:0,pl2:0,sp:0,qu:0), a !bad item (cl:100,ty:0,pl:0,pl2:0,sp:0,qu:0), a !bad item (cl:100,ty:0,pl:0,pl2:0,sp:0,qu:0), a !bad item (cl:100,ty:0,pl:0,pl2:0,sp:0,qu:0), a !bad item (cl:100,ty:0,pl:0,pl2:0,sp:0,qu:0), a !bad item (cl:100,ty:0,pl:0,pl2:0,sp:0,qu:0), a !bad item (cl:100,ty:0,pl:0,pl2:0,sp:0,qu:0), a !bad item (cl:100,ty:0,pl:0,pl2:0,sp:0,qu:0), a !bad item (cl:100,ty:0,pl:0,pl2:0,sp:0,qu:0), a !bad item (cl:100,ty:0,pl:0,pl2:0,sp:0,qu:0), a !bad item (cl:100,ty:0,pl:0,pl2:0,sp:0,qu:0), a !bad item (cl:100,ty:0,pl:0,pl2:0,sp:0,qu:0), a !bad item (cl:100,ty:0,pl:0,pl2:0,sp:0,qu:0), a !bad item (cl:100,ty:0,pl:0,pl2:0,sp:0,qu:0), a !bad item (cl:100,ty:0,pl:0,pl2:0,sp:0,qu:0), a !bad item (cl:100,ty:0,pl:0,pl2:0,sp:0,qu:0), a !bad item (cl:100,ty:0,pl:0,pl2:0,sp:0,qu:0), a !bad item (cl:100,ty:0,pl:0,pl2:0,sp:0,qu:0), a !bad item (cl:100,ty:0,pl:0,pl2:0,sp:0,qu:0), a !bad item (cl:100,ty:0,pl:0,pl2:0,sp:0,qu:0), a !bad item (cl:100,ty:0,pl:0,pl2:0,sp:0,qu:0), a !bad item (cl:100,ty:0,pl:0,pl2:0,sp:0,qu:0), a !bad item (cl:100,ty:0,pl:0,pl2:0,sp:0,qu:0), a !bad item (cl:100,ty:0,pl:0,pl2:0,sp:0,qu:0), a !bad item (cl:100,ty:0,pl:0,pl2:0,sp:0,qu:0), a !bad item (cl:100,ty:0,pl:0,pl2:0,sp:0,qu:0), a !bad item (cl:100,ty:0,pl:0,pl2:0,sp:0,qu:0), a !bad item (cl:100,ty:0,pl:0,pl2:0,sp:0,qu:0), a !bad item (cl:100,ty:0,pl:0,pl2:0,sp:0,qu:0), a !bad item (cl:100,ty:0,pl:0,pl2:0,sp:0,qu:0), a !bad item (cl:100,ty:0,pl:0,pl2:0,sp:0,qu:0), a !bad item (cl:100,ty:0,pl:0,pl2:0,sp:0,qu:0), a !bad item (cl:100,ty:0,pl:0,pl2:0,sp:0,qu:0), a !bad item (cl:100,ty:0,pl:0,pl2:0,sp:0,qu:0), a !bad item (cl:100,ty:0,pl:0,pl2:0,sp:0,qu:0), a !bad item (cl:100,ty:0,pl:0,pl2:0,sp:0,qu:0), a !bad item (cl:100,ty:0,pl:0,pl2:0,sp:0,qu:0), a !bad item (cl:100,ty:0,pl:0,pl2:0,sp:0,qu:0), a !bad item (cl:100,ty:0,pl:0,pl2:0,sp:0,qu:0), a !bad item (cl:100,ty:0,pl:0,pl2:0,sp:0,qu:0), a !bad item (cl:100,ty:0,pl:0,pl2:0,sp:0,qu:0), a !bad item (cl:100,ty:0,pl:0,pl2:0,sp:0,qu:0), a !bad item (cl:100,ty:0,pl:0,pl2:0,sp:0,qu:0), a !bad item (cl:100,ty:0,pl:0,pl2:0,sp:0,qu:0)
     0 | D:1      | Reached XP level 1. HP: 15/15 MP: 1/1
     0 | D:1      | Identified Sif Muna's Grimoire of Snow
   412 | D:1      | Gained mutation: You are partially covered in rough black scales (AC +4, Dex -1). [demonic ancestry]
   412 | D:1      | Reached XP level 2. HP: 21/21 MP: 2/2
   827 | D:2      | Found an iron altar of Okawaru.
   880 | D:2      | Became a worshipper of Warmaster Okawaru
   896 | D:2      | Reached skill level 3 in Long Blades
  1025 | D:2      | Found a shadowy altar of Dithmenos.
  1069 | D:2      | Reached XP level 3. HP: 26/26 MP: 3/3
  1174 | D:2      | You fall through a shaft for 2 floors!
  1186 | D:4      | Reached skill level 4 in Long Blades
  1186 | D:4      | Reached XP level 4. HP: 32/32 MP: 4/4
  1194 | D:4      | Noticed an ogre
  1216 | D:4      | Mangled by an ogre

Vault maps used:
D:1:      lightli_molten_gateway
D:2:      okawaru_ov_weapons_minmay, grunt_dithmenos_smoke_and_mirrors,
          corexii_item_surrounded_by_moat
D:4:      serial_column_ruins, column_ruins_open_small, column_ruins_open_small,
          column_ruins_corridor_T, column_ruins_open_tiny,
          column_ruins_open_tiny, column_ruins_grid_1, serial_shops,
          kennysheep_mini_moat

Action                   |  1- 3 |  4- 6 || total
-------------------------+-------+-------++-------
Melee: Falchion          |    90 |     3 ||    93
 Stab: Sleeping          |     2 |       ||     2
  Eat: Chunk             |     1 |       ||     1
